AoeStats
← SappYoda

Arabia

505957852Analyzed
3v3 RM · 21d ago on Sep 11, 2026· 38m 52s· 6 players
Game mode
Random Map
Map size
Normal (6 player)
Population
200
Speed
Normal
Resources
Standard
Victory
Conquest
Starting age
Dark Age
Ending age
Imperial Age
RankedLock teamsTeams togetherTeam positionsShared explorationLock speedFull tech treeHidden civsTurbo modeCheats
Victory
Defeat
🇪🇸 Ethiopians · Spain
996
+12
🇪🇸 Malians · Spain
987
+12
🇪🇸 Franks · Spain
834
+19
🇦🇺 Gurjaras · Australia
914
-15
🇺🇸 Japanese · United States
902
-14
🇩🇪 Bohemians · Germany
884
-14
Luncheon
6:56 Loom
9:55 Feudal Age
11:13 Wheelbarrow
10:35 Double-Bit Axe
10:34 Horse Collar
11:47 Wheelbarrow
20:07 Castle Age
18:11 Stone Mining
18:13 Gold Mining
19:21 Forging
19:37 Scale Mail Armor
22:09 Hand Cart
23:37 Bow Saw
24:50 Heavy Plow
25:47 Stone Mining
26:33 Gold Shaft Mining
28:03 Squires
27:49 Gambesons
28:01 Arson
30:12 Fletching
35:25 Imperial Age
37:11 Iron Casting
36:51 Chain Mail Armor
Roosterdog
9:03 Loom
11:29 Feudal Age
15:18 Stone Mining
15:16 Double-Bit Axe
18:12 Castle Age
17:47 Horse Collar
21:32 Bow Saw
muD0D
8:19 Loom
8:39 Loom
11:40 Feudal Age
12:41 Double-Bit Axe
13:02 Horse Collar
14:18 Town Watch
15:36 Wheelbarrow
20:02 Castle Age
19:22 Forging
21:37 Padded Archer Armor
24:05 Chemistry
25:24 Heavy Plow
25:46 Bow Saw
27:38 Elite Skirmisher
28:11 Fletching
28:36 Leather Archer Armor
30:37 Bodkin Arrow
37:48 Imperial Age
35:26 Town Patrol
35:49 Hand Cart
35:35 Town Patrol
escipio5
2:43 Loom
11:46 Feudal Age
12:18 Double-Bit Axe
12:44 Town Watch
12:49 Horse Collar
15:32 Fletching
21:57 Castle Age
20:12 Gold Mining
22:30 Padded Archer Armor
22:51 Bow Saw
22:05 Crossbowman
22:51 Thumb Ring
22:58 Thumb Ring
23:12 Bodkin Arrow
25:31 Gold Shaft Mining
25:40 Town Patrol
27:16 Stone Mining
28:06 Leather Archer Armor
28:30 Ballistics
31:33 Wheelbarrow
37:13 Imperial Age
37:33 Hand Cart
37:28 Arbalester
38:43 Ring Archer Armor
38:47 Bracer
JoseM
13:47 Feudal Age
14:19 Town Watch
19:05 Double-Bit Axe
20:39 Scale Barding Armor
20:45 Forging
26:21 Castle Age
26:34 Stone Mining
26:35 Gold Mining
27:44 Town Patrol
28:11 Husbandry
32:08 Iron Casting
33:47 Chain Barding Armor
34:59 Gold Shaft Mining
42:01 Imperial Age
SappYoda
7:59 Loom
10:28 Feudal Age
11:42 Double-Bit Axe
11:38 Horse Collar
11:59 Double-Bit Axe
11:55 Horse Collar
19:55 Castle Age
18:24 Scale Mail Armor
18:00 Man-at-Arms
20:02 Arson
20:40 Squires
20:04 Long Swordsman
22:29 Chain Mail Armor
23:25 Forging
27:32 Wheelbarrow
29:59 Pikeman
32:37 Iron Casting
32:47 Hand Cart
32:45 Bow Saw
32:35 Heavy Plow
32:31 Gold Mining
34:06 Town Watch
34:49 Town Patrol
Connection lost

Rejoining the realm…

Still unreachable

The connection could not be restored.

Session expired

The server has moved on; the page needs a fresh start.